 Dungeon Crawl Stone Soup version 0.28-a0-1638-g9123634e07 (webtiles) character file.

Game seed: 15985880205557656133

6 gimp the Shield-Bearer (level 1, 0/12 HPs)
             Began as a Tengu Wanderer on Jan 25, 2022.
             Slain by a jackal (3 damage)
             ... on level 1 of the Dungeon.
             The game lasted 00:00:47 (408 turns).

gimp the Shield-Bearer (Tengu Wanderer)              Turns: 408, Time: 00:00:48

Health: 0/12       AC:  2    Str:  8    XL:     1   Next: 90%
Magic:  3/3        EV: 11    Int: 11    God:
Gold:   25         SH:  5    Dex: 18    Spells: 2/2 levels left

rFire   . . .      SeeInvis .   b - +0 falchion
rCold   . . .      Faith    .   e - +0 buckler
rNeg    . . .      Spirit   .   f - +0 robe
rPois   .          Reflect  .   (helmet restricted)
rElec   .          Harm     .   (no cloak)
rCorr   .          Rampage  .   (no gloves)
Will    .....                   (boots unavailable)
Stlth   ++........              (no amulet)
HPRegen 0.04/turn               (no ring)
MPRegen 0.08/turn               (no ring)

@: no status effects
A: beak, talons 3
a: no special abilities


You were on level 1 of the Dungeon.
You visited 1 branch of the dungeon, and saw 1 of its levels.

You collected 25 gold pieces.

Inventory:

Hand Weapons
 a - a +0 dagger
 b - a +0 falchion (weapon)
Missiles
 c - a datura-tipped dart
 d - 2 atropa-tipped darts (quivered)
Armour
 e - a +0 buckler (worn)
 f - a +0 robe (worn)


   Skills:
 * Level 1.1 Fighting
 + Level 2.4 Long Blades
 - Level 1.1 Dodging
 - Level 2.0 Stealth
 - Level 4.0 Shields
 - Level 1.0 Spellcasting


You had 2 spell levels left.
You didn't know any spells.
Your spell library was empty.

Dungeon Overview and Level Annotations

Branches:
Dungeon (1/15)

Altars:


Innate Abilities, Weirdness & Mutations

You have a beak for a mouth.
You have claws for feet.


Message History

The quokka closely misses you. The quokka barely misses you.
You block the quokka's attack. The quokka closely misses you.
You see here a +0 club.
You barely miss the quokka. You peck the quokka.
The quokka is moderately wounded.
The quokka closely misses you. You block the quokka's attack.
You hit the quokka but do no damage. You claw the quokka.
You kill the quokka!
You hit the goblin but do no damage. You peck the goblin.
The goblin is heavily wounded.
The goblin hits you with a +0 dagger. x2
You take 4 damage, and have 7/11 hp.
MASSIVE DAMAGE!!
You closely miss the goblin.
The jackal barks! x2
Your peck misses the goblin.
The goblin is heavily wounded.
The goblin hits you with a +0 dagger.
You take 3 damage, and have 4/11 hp.
MASSIVE DAMAGE!!
You are too injured to fight recklessly!
You aren't carrying any potions.
You aren't carrying any scrolls.
Unknown command.
The jackal barks!
You hit the goblin. You claw the goblin.
You kill the goblin!
The endoplasm hits you but does no damage.
Your Fighting skill increases to level 1!
You closely miss the jackal.
The jackal bites you but does no damage.
You block the jackal's attack. The endoplasm hits you.
You take 1 damage, and have 4/12 hp.
You hit the endoplasm but do no damage. Your kick misses the endoplasm.
You block the jackal's attack. The endoplasm hits you.
* * * LOW HITPOINT WARNING * * *
The jackal closely misses you.
You take 1 damage, and have 3/12 hp.
You hit the endoplasm but do no damage. The jackal bites you.
You die...

#######........#.##....
#......#....# ...
#...........# ...
#......#J##.#.. .
#......#.# ...
#......#.# #.#.#
#####....# #.# ..
####h##h.# # #.hJ@.#
#......#### #......#
+......# #......# #
#......# # #......# .
#......


You could see an endoplasm and 3 jackals.

Vanquished Creatures
  A bat (D:1)
  A goblin (D:1)
  A hobgoblin (D:1)
  A quokka (D:1)
  A ball python (D:1)
5 creatures vanquished.

Notes
Turn   | Place    | Note
-------+----------+-------------------------------------------
     0 | D:1      | gimp the Tengu Wanderer began the quest for the Orb.
     0 | D:1      | gimp set off with the following items: a +0 dagger, 2
                  | atropa-tipped darts, a datura-tipped dart, a +0 falchion, a
                  | +0 buckler, a +0 robe
     0 | D:1      | Reached XP level 1. HP: 10/10 MP: 3/3
   406 | D:1      | Reached skill level 1 in Fighting
   408 | D:1      | Slain by a jackal

Illustrated notes

Levels and vault maps discovered:
D:1:      dpeg_arrival_rhombus, layout_basic

Skill      XL: |  1 |
---------------+----+-----
Fighting       | 1 |  1.1
Long Blades    | |  2.4
Dodging        | |  1.1
Stealth        | |  2.0
Shields        | |  4.0
Spellcasting   | |  1.0

Action                   || total
-------------------------++-------
Melee: Falchion          ||    21
       Peck              ||     5
       Kick              ||     2
Armor: Robe              ||     3
Dodge: Dodged            ||    14
Block: Buckler           ||     9

Table legend: (Time is in decaauts)
 A = Elapsed time spent in this place.
 B = Non-inter-level travel time spent in this place.
 C = Inter-level travel time spent in this place.
 D = Time resting spent in this place.
 E = Time spent auto-exploring this place.
 F = Levels seen in this place.
 G = Mean time per level.
                   A        B        C        D        E       F      G
               +--------+--------+--------+--------+--------+-----+--------+
         Total |    412 |    412 |      0 |      0 |    358 |   1 |  412.0 |
       Dungeon |    412 |    412 |      0 |      0 |    358 |   1 |  412.0 |
               +--------+--------+--------+--------+--------+-----+--------+

Top non-repeatable levels by time:
     D:1: 412 daAuts
